 Dungeon Crawl Stone Soup version 0.18-a0-1211-g828307d (webtiles) character file.

427 Lathuz the Destroyer (level 6, 0/32 HPs)
             Began as a Deep Elf Conjurer on Feb 2, 2016.
             Slain by an orc wizard
             ... wielding a +0 whip
              (2 damage)
             ... on level 3 of the Dungeon.
             The game lasted 00:17:12 (5169 turns).

Lathuz the Destroyer (Deep Elf Conjurer)            Turns: 5169, Time: 00:17:12

Health: 0/32       AC:  5    Str:  5    XL:     6   Next: 65%
Magic:  1/12       EV: 13    Int: 22    God:
Gold:   113        SH:  0    Dex: 15    Spells: 3 memorised, 3 levels left

rFire  . . .     SeeInvis .     v - +0 dagger (venom)
rCold  . . .     Gourm    .     a - +0 robe
rNeg   . . .     Faith    .     (no shield)
rPois  .         Spirit   .     k - +2 hat
rElec  .         Dismiss  .     (no cloak)
rCorr  .         Reflect  .     (no gloves)
SustAt .         Harm     .     p - +0 pair of boots
MR     .....                    (no amulet)
Stlth  ++........               (no ring)
                                (no ring)

@: slowed, very slow, not resistant to hostile enchantments, unstealthy
A: no striking features
a: no special abilities


You were on level 3 of the Dungeon.
You were very hungry.

You visited 1 branch of the dungeon, and saw 4 of its levels.

You collected 113 gold pieces.

Inventory:

Hand Weapons
 r - a +1 whip of flaming
 v - a +0 dagger of venom (weapon)
Missiles
 e - 81 stones (quivered)
Armour
 a - a +0 robe (worn)
 k - a +2 hat (worn)
 p - a +0 pair of boots (worn)
Wands
 s - a wand of flame (13/48)
Scrolls
 g - 2 scrolls of identify
 i - 3 scrolls of remove curse
 j - a scroll of immolation {unknown}
 m - 2 scrolls of enchant armour {unknown}
 o - a scroll of blinking {unknown}
 w - a scroll of teleportation {unknown}
Potions
 d - 3 potions of curing
 l - 2 potions of ambrosia
 n - 2 potions of flight {unknown}
 q - a potion of heal wounds {unknown}
 t - a potion of lignification {unknown}
 x - a potion of haste {unknown}
Books
 b - a book of Conjurations

   Spells                             Type                      Level
   a - Magic Dart                     Conjuration                  1
   b - Searing Ray                    Conjuration                  2
   c - Dazzling Spray                 Conjuration/Hexes            3
   d - Fulminant Prism                Conjuration/Hexes            4
   e - Iskenderun's Mystic Blast      Conjuration                  4
   f - Iskenderun's Battlesphere      Conjuration/Charms           5
Comestibles
 c - 2 bread rations
 f - 4 fruits
 h - 2 meat rations


   Skills:
 - Level 2.4 Dodging
 - Level 2.4 Stealth
 - Level 3.0 Spellcasting
 + Level 8.0 Conjurations
 + Level 4.6 Charms


You had 3 spell levels left.
You knew the following spells:

 Your Spells              Type           Power        Failure   Level  Hunger
a - Magic Dart            Conj           ####         1%          1    None
b - Searing Ray           Conj           #####.       1%          2    ##.....
c - Iskenderun's Battles  Conj/Chrm      ####....     28%         5    ######.


Dungeon Overview and Level Annotations

Branches:
Dungeon (4/15)
 Temple: D:4-7

Altars:
Dithmenos
Fedhas
Ru
Sif Muna
The Shining One


Message History

The searing ray hits the orc wizard.
You kill the orc wizard!
Your Conjurations skill increases to level 8!
The searing ray hits the orc.
You kill the orc!
The orc wizard hits you but does no damage.
The orc wizard barely misses you.
Drink which item? (? for menu, Esc to quit)
You feel better. The orc wizard hits you with a whip.
* * * LOW HITPOINT WARNING * * *
The orc wizard barely misses you.
The orc wizard points at you and mumbles some strange words.
The puff of flame hits you!
* * * LOW HITPOINT WARNING * * *
Casting: Searing Ray
Confirm with . or Enter, or press ? or * to list all spells.
You don't have enough magic to cast that spell.
Unknown command.
The orc wizard hits you with a whip.
You die...

...................# ##.##
####..........###.)####...##
##........## #....#.._..# ####
##......##########.8.8.###...
####.......## ###'###.....
#######..# #...######.
################[# #...# #.
.............[.>.## #≈≈≈# #.
################@.#####.>.# #.
#### #.o.).############ ...##
#####)...........# .#..##
##...###...##.. ..#..########
###..#.#####..##. ...#........#
##...##...o.##....
...###...)..####..########..)...†
...# #...........## ####.....#
...# #......###### ####....###>.


You could see an orc wizard.

Vanquished Creatures
  2 orc priests (D:3)
  3 orc wizards (D:3)
  Natasha (thrice) (D:2)
  7 gnolls (D:2)
  6 adders
  2 oozes
  4 worms
  A giant gecko (D:2)
  6 orcs
  4 giant cockroaches
  4 goblins
  9 hobgoblins
  A quokka (D:3)
  9 bats
  9 giant newts
  8 kobolds
  5 rats
83 creatures vanquished.

Notes
Turn   | Place    | Note
--------------------------------------------------------------
     0 | D:1      | Lathuz the Deep Elf Conjurer began the quest for the Orb.
     0 | D:1      | Reached XP level 1. HP: 10/10 MP: 6/6
   557 | D:1      | Reached XP level 2. HP: 15/15 MP: 6/8
   704 | D:1      | Reached skill level 5 in Conjurations
   876 | D:2      | Learned a level 2 spell: Searing Ray
   907 | D:2      | Noticed Natasha
   979 | D:2      | Killed Natasha
   979 | D:2      | Reached XP level 3. HP: 12/19 MP: 4/9
  1178 | D:2      | Reached skill level 6 in Conjurations
  1236 | D:2      | Reached XP level 4. HP: 24/24 MP: 1/10
  2187 | D:2      | Reached XP level 5. HP: 28/28 MP: 7/11
  2194 | D:2      | Learned a level 5 spell: Iskenderun's Battlesphere
  2249 | D:2      | Noticed Natasha
  2266 | D:2      | HP: 1/28 [Natasha/magic dart (7)]
  2604 | D:2      | Killed Natasha
  2604 | D:2      | Reached skill level 7 in Conjurations
  2604 | D:2      | Reached skill level 1 in Charms
  3253 | D:2      | Noticed Natasha
  3263 | D:2      | Killed Natasha
  3766 | D:3      | Reached XP level 6. HP: 32/32 MP: 3/12
  3978 | D:3      | Found a shadowy altar of Dithmenos.
  4228 | D:3      | Found a faded altar to an unknown god.
  4348 | D:3      | Found a blossoming altar of Fedhas.
  4349 | D:3      | Found a glowing golden altar of the Shining One.
  4353 | D:3      | Found a sacrificial altar of Ru.
  4435 | D:3      | Found a deep blue altar of Sif Muna.
  5165 | D:3      | Reached skill level 8 in Conjurations
  5169 | D:3      | Slain by an orc wizard

Vault maps used:
D:1:      eino_arrival_water_cross
D:2:      feat_on_display, uniq_natasha
D:3:      nicolae_dithmenos_through_a_glass_darkly, grunt_temple_overflow_open,
          led_sif_book, ecumenical_altar_1, first_bread

Action                   |  1- 3 |  4- 6 || total
-------------------------+-------+-------++-------
Melee: Whip              |       |     2 ||     2
 Cast: Magic Dart        |    42 |   141 ||   183
       Searing Ray       |       |    14 ||    14
  Use: Scroll            |       |     4 ||     4
       Potion            |       |     1 ||     1
  Eat: Chunk             |     1 |    10 ||    11
       Fruit             |       |     2 ||     2
